 Dungeon Crawl Stone Soup version 0.20.1-1-g8b1a95d (console) character file.

93 vuolankoinen the Stinger (level 4, -2/33 HPs)
             Began as a Formicid Venom Mage on Dec 5, 2017.
             Killed from afar by an orc wizard (11 damage)
             ... with a puff of flame
             ... on level 3 of the Dungeon.
             The game lasted 00:10:46 (1989 turns).

vuolankoinen the Stinger (Formicid Venom Mage)      Turns: 1989, Time: 00:10:46

Health: -2/33      AC:  3    Str: 13    XL:     4   Next: 92%
Magic:  1/8        EV: 12    Int: 15    God:
Gold:   137        SH:  0    Dex: 11    Spells: 3/9 levels left

rFire    . . .     SeeInvis +   g - +3 whip (flame)
rCold    . . .     Gourm    .   (no shield)
rNeg     . . .     Faith    .   a - +0 robe
rPois    .         Spirit   .   (helmet unavailable)
rElec    .         Reflect  .   i - +0 cloak
rCorr    .         Harm     .   (no gloves)
MR       .....                  (no boots)
Stlth    ++........             (no amulet)
Regen    0.2/turn               (no ring)
MPRegen  0.2/turn               (no ring)

@: very slightly contaminated
A: permanent stasis, dig shafts and tunnels, four strong arms, antennae 3
a: Dig, Shaft Self


You were on level 3 of the Dungeon.
You were not hungry.

You visited 1 branch of the dungeon, and saw 3 of its levels.

You collected 137 gold pieces.

Inventory:

Hand Weapons
 g - a +3 whip of flaming (weapon)
Armour
 a - a +0 robe (worn)
 i - a +0 cloak (worn)
Scrolls
 e - a scroll of amnesia {unknown}
 f - 3 scrolls of remove curse {unknown}
 h - a scroll of recharging {unknown}
 k - a scroll of immolation {unknown}
 n - a scroll of enchant weapon {unknown}
 o - a scroll of teleportation {unknown}
Potions
 m - a potion of mutation {unknown}
 q - a potion of ambrosia {unknown}
 r - 2 potions of flight {unknown}
Books
 b - a Young Poisoner's Handbook

   Spells                             Type                      Level
   a - Sting                          Conjuration/Poison           1
   b - Poisonous Vapours              Poison/Air                   2
   c - Mephitic Cloud                 Conjuration/Poison/Air       3
   d - Olgreb's Toxic Radiance        Poison                       4
   e - Venom Bolt                     Conjuration/Poison           5
Comestibles
 c - 3 bread rations
 d - a meat ration
 j - a royal jelly
 l - 3 fruits
 p - 3 chunks of flesh


   Skills:
 * Level 2.0 Fighting
 * Level 0.2 Maces & Flails
 + Level 2.5 Dodging
 + Level 2.7 Stealth
 + Level 3.1 Spellcasting
 + Level 1.3 Conjurations
 * Level 0.2 Air Magic
 - Level 4.0 Poison Magic


You had 3 spell levels left.
You knew the following spells:

 Your Spells              Type           Power        Failure   Level  Hunger
a - Sting                 Conj/Pois      ##..         7%          1    #......
b - Poisonous Vapours     Pois/Air       #.....       12%         2    ##.....
c - Mephitic Cloud        Conj/Pois/Air  #.......     26%         3    ###....


Dungeon Overview and Level Annotations

Branches:
Dungeon (3/15)

Altars:
Cheibriados
Kikubaaqudgha
Uskayaw


Innate Abilities, Weirdness & Mutations

You cannot be hasted, slowed, berserked, paralysed or teleported.
You can dig through walls and to a lower floor.
Your four strong arms can wield two-handed weapons with a shield.
You have a pair of large antennae on your head. (SInv)


Message History

Confirm with . or Enter, or press ? or * to list all spells.
You don't have enough magic to cast that spell.
Casting: Sting
Confirm with . or Enter, or press ? or * to list all spells.
Aiming: Sting
Press: ? - help, Shift-Dir - straight line, f/p - orc wizard
Aim: an orc wizard, wielding a dagger and wearing a robe (heavily wounded)
The sting hits the orc wizard.
The orc wizard is severely wounded.
The orc wizard hits you with a dagger.
* * * LOW HITPOINT WARNING * * *
You hit the orc wizard. You burn the orc wizard.
The orc wizard is severely wounded.
The orc wizard points at you and mumbles some strange words.
You resist with some effort.
You closely miss the orc wizard.
The orc wizard is severely wounded.
The orc wizard casts a spell at you. The puff of flame hits you!
You die...

.#.......#....#...
###...o...#......(.# #.
(....(o............
...###..#.....# #...$#..
#.#...>.<....# #....#..
#......††..# #.#.....
#.....#J#### #.#.....
..... #o# ####.#$....
.... #o# #..........
...#. #o# #.##.##....
.##..##@# #.†.....##)
........######._........
...........)............
................###..$##
...!.........#### #...#
.............# #...#
.............# ...#
............## .#
............#
...........#
#######....#


You could see an orc wizard, an ooze and 2 orcs.

Vanquished Creatures
  2 adders (D:2)
  3 worms
  4 dart slugs
  2 leopard geckos (D:2)
  An orc (D:3)
  A ball python (D:2)
  2 giant cockroaches (D:2)
  3 goblins
  8 hobgoblins
  4 jackals (D:3)
  4 kobolds
  2 quokkas
  10 bats
  3 frilled lizards
  2 rats
51 creatures vanquished.

Notes
Turn   | Place    | Note
-------+----------+-------------------------------------------
     0 | D:1      | vuolankoinen the Formicid Venom Mage began the quest for the Orb.
     0 | D:1      | Reached XP level 1. HP: 13/13 MP: 3/3
   147 | D:1      | Reached XP level 2. HP: 17/19 MP: 0/5
   572 | D:1      | Learned a level 2 spell: Poisonous Vapours
   611 | D:1      | Reached skill level 1 in Conjurations
   611 | D:1      | Reached XP level 3. HP: 23/25 MP: 7/7
   935 | D:2      | Found a hide-covered altar of Uskayaw.
   935 | D:2      | Found an ancient bone altar of Kikubaaqudgha.
   965 | D:2      | Reached skill level 1 in Fighting
  1427 | D:2      | Reached XP level 4. HP: 28/32 MP: 5/8
  1450 | D:2      | Learned a level 3 spell: Mephitic Cloud
  1926 | D:3      | Found a snail-covered altar of Cheibriados.
  1989 | D:3      | Killed from afar by an orc wizard

Skill      XL: |  1  2  3  4 |
---------------+-------------+-----
Dodging        | 2 |  2.5
Conjurations   | 1 |  1.3
Fighting       | 1 2 |  2.0
Spellcasting   | 3 |  3.1
Maces & Flails | |  0.2
Stealth        | |  2.7
Air Magic      | |  0.2
Poison Magic   | |  4.0

Action                   |  1- 3 |  4- 6 || total
-------------------------+-------+-------++-------
Melee: Unarmed           |    21 |       ||    21
       Whip              |    43 |    52 ||    95
 Cast: Sting             |    19 |     6 ||    25
       Poisonous Vapours |     4 |     4 ||     8
 Stab: Sleeping          |     3 |     4 ||     7
  Eat: Chunk             |     2 |     2 ||     4
Armor: Robe              |    29 |     8 ||    37
Dodge: Dodged            |    62 |    29 ||    91
